 Dungeon Crawl Stone Soup version 0.20.1-1-g8b1a95d (webtiles) character file.

256 NoNouf the Gusty (level 6, -1/32 HPs)
             Began as a Tengu Air Elementalist on Aug 31, 2017.
             Succumbed to a scorpion's poison
             ... on level 4 of the Dungeon.
             The game lasted 00:26:09 (4080 turns).

NoNouf the Gusty (Tengu Air Elementalist)           Turns: 4080, Time: 00:26:09

Health: -1/32      AC:  3    Str: 11    XL:     6   Next: 16%
Magic:  5/11       EV: 15    Int: 16    God:
Gold:   102        SH:  0    Dex: 16    Spells: 4/11 levels left

rFire    . . .     SeeInvis .   r - +4 quarterstaff (chaos)
rCold    . . .     Gourm    .   (shield currently unavailable)
rNeg     . . .     Faith    .   a - +0 robe
rPois    .         Spirit   .   (helmet restricted)
rElec    .         Reflect  .   s - +0 cloak
rCorr    .         Harm     .   (no gloves)
MR       .....                  (boots unavailable)
Stlth    ++........             (no amulet)
Regen    0.1/turn               q - +3 ring of strength
MPRegen  0.2/turn               (no ring)

@: lethally poisoned (-1 -> -12)
A: beak, talons 3, able to fly 1
a: Fly


You were on level 4 of the Dungeon.
You were not hungry.

You visited 2 branches of the dungeon, and saw 5 of its levels.

You collected 102 gold pieces.

Inventory:

Hand Weapons
 d - a +0 dagger
 i - a +2 hunting sling of freezing
 r - a +4 quarterstaff of chaos (weapon)
Missiles
 n - 85 stones (quivered)
 y - 11 sling bullets
Armour
 a - a +0 robe (worn)
 s - a +0 cloak (worn)
Jewellery
 q - a +3 ring of strength (left hand)
Wands
 x - a wand of polymorph (6/24)
Scrolls
 o - a scroll of remove curse
 p - a scroll of amnesia
 w - a scroll of teleportation
Potions
 e - a potion of lignification
 g - a potion of might
 h - a potion of curing
 j - a potion of mutation {unknown}
 m - 2 potions of invisibility
 t - a potion of magic {unknown}
 v - a potion of heal wounds {unknown}
Books
 b - a book of Air

   Spells                             Type                      Level
   a - Shock                          Conjuration/Air              1
   b - Swiftness                      Charms/Air                   2
   c - Static Discharge               Conjuration/Air              3
   d - Airstrike                      Air                          4
   e - Lightning Bolt                 Conjuration/Air              5
Comestibles
 c - a bread ration
 z - a meat ration


   Skills:
 + Level 4.8 Dodging
 - Level 2.0 Stealth
 - Level 3.0 Spellcasting
 - Level 3.1 Conjurations
 + Level 5.4 Air Magic


You had 4 spell levels left.
You knew the following spells:

 Your Spells              Type           Power        Failure   Level  Hunger
a - Shock                 Conj/Air       ###.         3%          1    #......
b - Swiftness             Chrm/Air       ##......     9%          2    ##.....
c - Airstrike             Air            ###.......   19%         4    #####..


Dungeon Overview and Level Annotations

Branches:
Dungeon (4/15)             Temple (1/1) D:4

Altars:
Ashenzari
Fedhas
Gozag
Kikubaaqudgha
Makhleb
Nemelex Xobeh
Okawaru
Qazlal
Ru
Sif Muna
Trog
Xom
The Shining One


Innate Abilities, Weirdness & Mutations

You have a beak for a mouth.
You have claws for feet.
You can fly.


Message History

Aiming: Shock
Press: ? - help, Shift-Dir - straight line, f/p - scorpion
Aim: a scorpion (moderately wounded)
The zap misses the scorpion.
The scorpion stings you.
* * * LOW HITPOINT WARNING * * *
You are lethally poisoned!
The scorpion poisons you!
Casting: Shock
Confirm with . or Enter, or press ? or * to list all spells.
Aiming: Shock
Press: ? - help, Shift-Dir - straight line, f/p - scorpion
Aim: a scorpion (moderately wounded)
The zap hits the scorpion.
The scorpion is heavily wounded.
* * * LOW HITPOINT WARNING * * *
You feel sick. The scorpion stings you!
* * * LOW HITPOINT WARNING * * *
You hit the scorpion. You drain the scorpion!
The scorpion is almost dead.
You die...

*,,,,,,******+******,,
#..........#,,,,,,**,,
#..........#..,,,,**,,
#..........#..,,,,**,,
********#.............,,,,**,,
*,,,,,,,+.............,,,,**,,
***,**###...........#,******,,
*,*,........s.....#.********
*,*,*######@........,,,,,,,,
*,*,##..........#.#,,,,*****
*,*,#.....#.###.#.#..,,***,,
*,*,#####.#>.........,,,,+,,
*,*,,,,#..#.#.#.#...,,,,,*,,
*,*###+##.#<..#,*,,,,,,,,*,,
#,*#......#.#.#,*,,,,,,,,*,,
#.##......#.#.#,,,*+#*****,,
#.........#.#.#####.# *,,


You could see a scorpion.

Vanquished Creatures
  A hound (D:4)
  Crazy Yiuf (D:2)
  An orc wizard (D:3)
  Robin (D:3)
  6 adders
  An ooze (D:3)
  2 adder skeletons
  2 worms (D:3)
  2 dart slugs (D:1)
  5 leopard geckos
  4 orcs (D:3)
  8 bats
  3 giant cockroaches
  5 hobgoblins
  3 jackals (D:3)
  2 ball pythons
  2 frilled lizards
  12 goblins
  16 kobolds
  9 rats
86 creatures vanquished.

Notes
Turn   | Place    | Note
-------+----------+-------------------------------------------
     0 | D:1      | NoNouf the Tengu Air Elementalist began the quest for the Orb.
     0 | D:1      | Reached XP level 1. HP: 10/10 MP: 4/4
    81 | D:1      | Reached XP level 2. HP: 6/15 MP: 1/6
   718 | D:1      | Reached XP level 3. HP: 18/19 MP: 5/7
   752 | D:1      | Learned a level 2 spell: Swiftness
  1273 | D:2      | Found a runed door.
  1512 | D:2      | Found an opulent altar of Gozag.
  1679 | D:2      | Found an iron altar of Okawaru.
  1930 | D:2      | Noticed Crazy Yiuf
  1933 | D:2      | Killed Crazy Yiuf
  1933 | D:2      | Reached XP level 4. HP: 24/24 MP: 4/8
  1939 | D:2      | Learned a level 4 spell: Airstrike
  2488 | D:3      | Gained mutation: You can fly. [Tengu growth]
  2488 | D:3      | Reached XP level 5. HP: 19/28 MP: 4/9
  2515 | D:3      | Reached skill level 5 in Air Magic
  2696 | D:3      | Noticed Robin
  2704 | D:3      | Killed Robin
  3178 | D:3      | Found a sparkling altar of Nemelex Xobeh.
  3582 | D:4      | Reached XP level 6. HP: 16/32 MP: 1/11
  3660 | D:4      | Found a staircase to the Ecumenical Temple.
  3674 | Temple   | Entered the Ecumenical Temple
  4079 | D:4      | HP: 1/32 [scorpion (7)]
  4080 | D:4      | Succumbed to a scorpion's poison

Skill      XL: |  1  2  3  4  5 |
---------------+----------------+-----
Conjurations   | 2 3 |  3.1
Dodging        | 3 4 |  4.8
Air Magic      | 5 |  5.4
Spellcasting   | 3 |  3.0
Stealth        | |  2.0

Action                   |  1- 3 |  4- 6 || total
-------------------------+-------+-------++-------
Melee: Dagger            |    33 |       ||    33
       Peck              |     6 |     4 ||    10
       Kick              |     9 |     4 ||    13
       Quarterstaff      |       |    36 ||    36
 Cast: Shock             |    53 |    96 ||   149
  Use: Scroll            |     3 |     5 ||     8
       Potion            |       |     2 ||     2
 Stab: Sleeping          |       |     1 ||     1
  Eat: Chunk             |     3 |     5 ||     8
       Royal jelly       |       |     2 ||     2
Armor: Robe              |     5 |     4 ||     9
Dodge: Dodged            |    26 |    29 ||    55
